 Dungeon Sprint DCSS version 0.28-a0-1190-g77e1c55843 (webtiles) character file.

Game seed: 7520989281470973139

704 mhtbhm the Cleaver (level 7, -3/111 HPs)
             Began as a Minotaur Berserker on Dec 18, 2021.
             Was an Elder of Trog.
             Killed from afar by an oklob plant (25 damage)
             ... with a splash of acid
             ... in the Dungeon (Sprint IV: "Fedhas' Mad Dash").
             The game lasted 00:01:22 (1159 turns).

mhtbhm the Cleaver (Minotaur Berserker)             Turns: 1159, Time: 00:01:22

Health: -3/111     AC: -1    Str: 23    XL:     7   Next: 39%
Magic:  5/6        EV: 14    Int:  4    God:    Trog [****..]
Gold:   111        SH:  0    Dex: 10    Spells: 6/6 levels left

rFire   . . .      SeeInvis .   a - +0 hand axe
rCold   . . .      Faith    .   (no shield)
rNeg    . . .      Spirit   .   b - +0 animal skin
rPois   .          Reflect  .   (helmet restricted)
rElec   .          Harm     .   (no cloak)
rCorr   .          Rampage  .   (no gloves)
Will    .....      NoTele   +   (no boots)
Stlth   ..........              j - amulet of invisibility {+Inv}
HPRegen 0.28/turn               (no ring)
MPRegen 0.10/turn               (no ring)

@: berserking, corroded, very slightly contaminated, invisible, very quick
A: horns 2, retaliatory headbutt
a: Renounce Religion, Evoke Invisibility, Berserk, Trog's Hand, Brothers in Arms


You were in the Dungeon.
You worshipped Trog.
Trog was greatly pleased with you.
You visited 1 branch You collected 111 gold pieces.

Inventory:

Hand Weapons
 a - a +0 hand axe (weapon)
Missiles
 k - 18 poisoned darts (quivered)
Armour
 b - a +0 animal skin (worn)
Jewellery
 j - the amulet of invisibility (around neck) {+Inv}
   (You found it in the Dungeon)

   [amulet of nothing]

   +Inv:      It lets you turn invisible.
Scrolls
 h - a scroll of blinking
 i - a scroll of fear {unknown}
Potions
 c - a potion of curing
 d - a potion of heal wounds
 e - a potion of haste
 f - 2 potions of magic
 g - a potion of berserk rage


   Skills:
 + Level 11.4 Fighting
 + Level 12.5 Axes
 + Level 5.4 Armour
 + Level 6.6 Dodging
 + Level 2.6 Stealth
 + Level 3.7 Evocations


You had 6 spell levels left.
You didn't know any spells.
Your spell library was empty.

Dungeon Overview and Level Annotations

Branches:
Dungeon (1/1)

Altars:
Cheibriados
Dithmenos
Elyvilon
Gozag
Hepliaklqana
Kikubaaqudgha
Makhleb
Nemelex Xobeh
Okawaru
Qazlal
Ru
Sif Muna
Trog
Uskayaw
Vehumet
Wu Jian
Xom
Yredelemnul
Zin
The Shining One
Beogh
Jiyva
Lugonu

Shops:
D [=

Annotations:
D exclusion: oklob plant


Innate Abilities, Weirdness & Mutations

You have a pair of horns on your head.
You reflexively headbutt those who attack you in melee.


Message History

You fade into invisibility!
You are very lightly contaminated with residual magic.
You open the door.
Found 14 gold pieces.
An oklob plant comes into view.
Found 21 bolts.
Marking area around an oklob plant as unsafe for travelling.
There is an open door here.
You see here 21 bolts.
The helpless oklob plant fails to defend itself.
You slash the oklob plant! You headbutt the oklob plant.
The oklob plant is moderately damaged.
Unknown command.
You hit the oklob plant but do no damage.
The oklob plant is moderately damaged.
The oklob plant spits acid at you. The splash of acid hits you!!
The acid corrodes you!
You hit the oklob plant but do no damage.
The oklob plant is moderately damaged.
The oklob plant spits acid at you. The splash of acid hits you!
A red film seems to cover your vision as you go berserk!
You feel yourself moving faster!
You feel mighty!
You hit the oklob plant.
The oklob plant is moderately damaged.
You slash the oklob plant!
The oklob plant is heavily damaged.
The oklob plant spits acid at you. The splash of acid hits you!!
* * * LOW HITPOINT WARNING * * *
You slash the oklob plant! You headbutt the oklob plant.
The oklob plant is severely damaged.
You catch the helpless oklob plant completely off-guard!
You hit the oklob plant.
The oklob plant is severely damaged.
You hit the oklob plant.
The oklob plant is severely damaged.
The oklob plant spits acid at you. The splash of acid hits you!!
You die...

#<..P#.....#.....#
#PP..'.....'.#...'
#PPPP#.....#.#...#
###############'##
#.†.♣........'...#
#..†...♣.....#...#
#.....♣..♣..######
##'####+##### #@.#
#P$# ####


You could see an oklob plant.

Vanquished Creatures
  A queen bee (D)
  2 scorpions (D)
  4 killer bees (D)
  4 oklob saplings (D)
  2 spriggans (D)
  A river rat (D)
  A rat (D)
15 creatures vanquished.

Notes
Turn   | Place    | Note
-------+----------+-------------------------------------------
     0 | D        | mhtbhm the Minotaur Berserker began the quest for the Orb.
     0 | D        | Reached XP level 1. HP: 19/19 MP: 0/0
    14 | D        | Reached skill level 4 in Axes
    14 | D        | Reached XP level 2. HP: 24/28 MP: 1/1
   137 | D        | Noticed an oklob sapling
   531 | D        | Killed an oklob sapling
   532 | D        | Reached skill level 5 in Fighting
   532 | D        | Reached skill level 6 in Axes
   532 | D        | Reached XP level 3. HP: 37/37 MP: 2/2
   563 | D        | Noticed a scorpion
   563 | D        | Found the amulet of invisibility {+Inv}
   566 | D        | Killed a scorpion
   566 | D        | Reached ** piety under Trog
   567 | D        | Reached skill level 7 in Axes
   567 | D        | Reached XP level 4. HP: 47/47 MP: 3/3
   605 | D        | Found an opulent altar of Gozag.
   605 | D        | Found a hazy altar of Hepliaklqana.
   605 | D        | Found a burning altar of Makhleb.
   605 | D        | Found a sparkling altar of Nemelex Xobeh.
   605 | D        | Found a snail-covered altar of Cheibriados.
   605 | D        | Found a sacrificial altar of Ru.
   605 | D        | Found a shimmering blue altar of Sif Muna.
   605 | D        | Found a shimmering altar of Xom.
   605 | D        | Found a basalt altar of Yredelemnul.
   606 | D        | Found a viscous altar of Jiyva.
   606 | D        | Found a bloodstained altar of Trog.
   606 | D        | Found an ornate altar of the Wu Jian Council.
   607 | D        | Found an iron altar of Okawaru.
   607 | D        | Found a shadowy altar of Dithmenos.
   607 | D        | Found a glowing silver altar of Zin.
   608 | D        | Found an ancient bone altar of Kikubaaqudgha.
   608 | D        | Found a hide-covered altar of Uskayaw.
   609 | D        | Found a stormy altar of Qazlal.
   609 | D        | Found a white marble altar of Elyvilon.
   609 | D        | Found a glowing golden altar of the Shining One.
   610 | D        | Found a corrupted altar of Lugonu.
   610 | D        | Found a radiant altar of Vehumet.
   618 | D        | Reached skill level 8 in Axes
   618 | D        | Reached XP level 5. HP: 53/53 MP: 1/4
   655 | D        | Reached skill level 9 in Axes
   655 | D        | Reached skill level 1 in Evocations
   744 | D        | Reached skill level 10 in Axes
   746 | D        | Reached *** piety under Trog
   747 | D        | Reached skill level 5 in Armour
   747 | D        | Reached skill level 5 in Dodging
   748 | D        | Reached XP level 6. HP: 65/66 MP: 5/5
   982 | D        | Found Wucvu's Jewellery Shop.
   982 | D        | Found Hiuppaxt's Antique Armour Emporium.
  1061 | D        | Noticed a queen bee
  1072 | D        | Killed a queen bee
  1073 | D        | Reached skill level 10 in Fighting
  1073 | D        | Reached skill level 11 in Axes
  1073 | D        | Reached skill level 1 in Stealth
  1073 | D        | Reached XP level 7. HP: 73/73 MP: 4/6
  1075 | D        | Reached skill level 12 in Axes
  1076 | D        | Reached **** piety under Trog
  1149 | D        | Noticed an oklob plant
  1159 | D        | Killed from afar by an oklob plant

Illustrated notes

Levels and vault maps discovered:
D:        dungeon_sprint_fedhas [sprint_temple]

Skill      XL: |  1  2  3  4  5  6  7 |
---------------+----------------------+-----
Fighting       | 4 5 7 8 9 10 11 | 11.4
Axes           | 4 6 7 8 10 11 12 | 12.5
Armour         | 3 4 5 |  5.4
Dodging        | 3 4 5 6 |  6.6
Evocations     | 1 3 |  3.7
Stealth        | 1 2 |  2.6

Action                   |  1- 3 |  4- 6 |  7- 9 || total
-------------------------+-------+-------+-------++-------
Melee: Hand axe          |    12 |    17 |    13 ||    42
       Headbutt          |     1 |     8 |     2 ||    11
Invok: Berserk           |     3 |     4 |     1 ||     8
 Abil: Evoke Invisibilit |       |     3 |     1 ||     4
 Stab: Invisible         |       |     1 |     4 ||     5
       Sleeping          |       |       |     1 ||     1
Dodge: Dodged            |     4 |     7 |     7 ||    18

Table legend: (Time is in decaauts)
 A = Elapsed time spent in this place.
 B = Non-inter-level travel time spent in this place.
 C = Inter-level travel time spent in this place.
 D = Time resting spent in this place.
 E = Time spent auto-exploring this place.
 F = Levels seen in this place.
 G = Mean time per level.
                   A        B        C        D        E       F      G
               +--------+--------+--------+--------+--------+-----+--------+
         Total |   1211 |   1211 |      0 |   1019 |      0 |   1 | 1211.0 |
       Dungeon |   1211 |   1211 |      0 |   1019 |      0 |   1 | 1211.0 |
               +--------+--------+--------+--------+--------+-----+--------+

Top non-repeatable levels by time:
       D: 1211 daAuts
